 Dungeon Crawl Stone Soup version 0.30-a0-358-g0d69a1922f (webtiles) character file.

Game seed: 6447218915598238661

107 koil the Sneak (level 4, 0/32 HPs)
             Began as a Vampire Enchanter on Nov 10, 2022.
             Slain by an iron imp (1 damage)
             ... summoned by Natasha
             ... on level 2 of the Dungeon.
             The game lasted 00:03:03 (993 turns).

koil the Sneak (Vampire Enchanter)                   Turns: 993, Time: 00:03:03

Health: 0/32       AC:  2    Str:  7    XL:     4   Next: 57%
Magic:  4/7        EV: 13    Int: 19    God:
Gold:   47         SH:  0    Dex: 14    Spells: 6/8 levels left

rFire   . . .      SeeInvis +    a - +1 dagger (venom)
rCold   . . .      Faith    .    (no shield)
rNeg    . . .      Spirit   .    b - +0 robe
rPois   .          Reflect  .    (no helmet)
rElec   .          Harm     .    (no cloak)
rCorr   .          Rampage  .    (no gloves)
Will    .....                    (no boots)
Stlth   +++.......               (no amulet)
HPRegen 0.45/turn                (no ring)
MPRegen 0.10/turn                (no ring)

@: healing quickly
A: alive, fangs 3, see invisible, vampiric 2
a: Exsanguinate


You were on level 2 of the Dungeon.
You visited 1 branch of the dungeon, and saw 2 of its levels.

You collected 47 gold pieces.

Inventory:

Hand Weapons
 a - a +1 dagger of venom (weapon)
 g - a +1 dagger
Armour
 b - a +0 robe (worn)
Scrolls
 e - a scroll of teleportation {unknown}
 f - a scroll of fog {unknown}
 h - a scroll of vulnerability {unknown}
 i - a scroll of enchant weapon {unknown}
 j - 3 scrolls of identify {unknown}
 k - a scroll of fear {unknown}
Potions
 c - 2 potions of invisibility
 d - a potion of heal wounds {unknown}
 l - a potion of degeneration {unknown}


   Skills:
 + Level 1.3 Fighting
 + Level 2.0 Short Blades
 + Level 2.9 Dodging
 + Level 5.2 Stealth
 + Level 2.6 Spellcasting
 + Level 5.0 Hexes


You had 6 spell levels left.
You knew the following spells:

 Your Spells              Type           Power      Damage    Failure   Level
a - Ensorcelled Hibernat  Hex/Ice        24%        N/A       9%          2

Your spell library contained the following spells:

 Spells                   Type           Power      Damage    Failure   Level
 Confusing Touch          Hex            21%        N/A       6%          3
 Tukima's Dance           Hex            21%        N/A       6%          3
 Dazzling Flash           Conj/Hex       24%        N/A       17%         3


Dungeon Overview and Level Annotations

Branches:
Dungeon (2/15)

Altars:

Annotations:
D:2 Natasha


Innate Abilities, Weirdness & Mutations

Your natural rate of healing is accelerated.
You have razor-sharp teeth.
You have supernaturally acute eyesight. (SInv)
You are afflicted with vampirism and can become a bat while bloodless.


Message History

The magic dart hits you.
Casting: Ensorcelled Hibernation (safe; 9% risk of failure)
Confirm with . or Enter, or press ? or * to list all spells.
Aiming: Ensorcelled Hibernation (safe; 9% risk of failure)
Press: ? - help, Shift-Dir - straight line, f - Natasha
Aim: Natasha (chance to affect: 46%) Natasha resists with some effort.
Natasha drinks a potion.
Natasha seems to grow stronger.
Casting: Ensorcelled Hibernation (safe; 9% risk of failure)
Confirm with . or Enter, or press ? or * to list all spells.
Aiming: Ensorcelled Hibernation (safe; 9% risk of failure)
Press: ? - help, Shift-Dir - straight line, f/p - Natasha
Aim: Natasha (strong, chance to affect: 46%) Natasha looks drowsy...
Natasha hisses angrily.
Natasha closely misses you.
You closely miss Natasha. Natasha misses you.
You closely miss Natasha.
Natasha mumbles some strange words.
You feel disoriented. Natasha claws you!
Casting: Ensorcelled Hibernation (safe; 9% risk of failure)
Confirm with . or Enter, or press ? or * to list all spells.
You don't know that spell.
You closely miss Natasha.
Natasha casts a spell.
You barely miss Natasha. Natasha claws you!
You barely miss Natasha. Natasha claws you.
* * * LOW HITPOINT WARNING * * *
You closely miss Natasha. The iron imp hits you.
* * * LOW HITPOINT WARNING * * *
Natasha claws you.
* * * LOW HITPOINT WARNING * * *
You hit Natasha.
Natasha is poisoned.
You bite Natasha.
Natasha is lightly wounded.
Natasha barely misses you.
You hit Natasha.
Natasha looks even sicker.
Natasha is moderately wounded.
The iron imp hits you.
You die...

### #.. #.# #.#
#.# #.# $ #.#
.. #.# #...
#####@####.....
#....5h........
#.###..........
#.# ####.....>.
#.# .#.##.. #.#
.#.# . #.# .# #
#.# .. #.# ..


You could see an iron imp (summoned) and Natasha (strong, very poisoned).

Vanquished Creatures
  Terence (D:2)
  Natasha (D:2)
  3 adders (D:2)
  A worm (D:2)
  2 ball pythons (D:2)
  A bat (D:1)
  2 endoplasms (D:1)
  4 giant cockroaches (D:1)
  2 hobgoblins (D:1)
  6 kobolds
  A quokka (D:1)
  A frilled lizard (D:1)
  A goblin (D:2)
  3 rats (D:1)
29 creatures vanquished.

Notes
Turn   | Place    | Note
-------+----------+-------------------------------------------
     0 | D:1      | koil the Vampire Enchanter began the quest for the Orb.
     0 | D:1      | Reached XP level 1. HP: 13/13 MP: 3/3
   198 | D:1      | Reached XP level 2. HP: 20/20 MP: 5/5
   201 | D:1      | Learned a level 2 spell: Ensorcelled Hibernation
   727 | D:2      | Gained mutation: You are afflicted with vampirism and can
                  | become a bat while bloodless. [Vampire growth]
   727 | D:2      | Reached XP level 3. HP: 15/25 MP: 6/6
   813 | D:2      | Reached skill level 1 in Fighting
   850 | D:2      | Reached skill level 5 in Stealth
   869 | D:2      | Noticed Terence
   873 | D:2      | Killed Terence
   874 | D:2      | Reached XP level 4. HP: 32/32 MP: 7/7
   912 | D:2      | Noticed Natasha
   918 | D:2      | Killed Natasha
   919 | D:2      | Reached skill level 5 in Hexes
   974 | D:2      | Noticed Natasha
   991 | D:2      | HP: 3/32 [iron imp[Natasha] (6)]
   991 | D:2      | HP: 1/32 [Natasha (2)]
   993 | D:2      | Slain by an iron imp

Illustrated notes

Levels and vault maps discovered:
D:1:      dpeg_arrival_three_bigger_balls, layout_basic
D:2:      layout_loops_ring, uniq_natasha, uniq_terence

Skill      XL: |  1  2  3  4 |
---------------+-------------+-----
Fighting       | 1 |  1.3
Stealth        | 5 |  5.2
Short Blades   | 2 |  2.0
Hexes          | 5 |  5.0
Dodging        | |  2.9
Spellcasting   | |  2.6

Action                   |  1- 3 |  4- 6 || total
-------------------------+-------+-------++-------
Melee: Dagger            |    66 |    10 ||    76
       Bite              |     8 |     1 ||     9
       Punch             |     1 |       ||     1
 Cast: Ensorcelled Hiber |     1 |     4 ||     5
 Stab: Sleeping          |    11 |     2 ||    13
Armor: Robe              |    17 |       ||    17
Dodge: Dodged            |    35 |     3 ||    38

Table legend: (Time is in decaauts)
 A = Elapsed time spent in this place.
 B = Non-inter-level travel time spent in this place.
 C = Inter-level travel time spent in this place.
 D = Time resting spent in this place.
 E = Time spent auto-exploring this place.
 F = Levels seen in this place.
 G = Mean time per level.
                   A        B        C        D        E       F      G
               +--------+--------+--------+--------+--------+-----+--------+
         Total |    986 |    982 |      4 |      0 |    738 |   2 |  493.0 |
       Dungeon |    986 |    982 |      4 |      0 |    738 |   2 |  493.0 |
               +--------+--------+--------+--------+--------+-----+--------+

Top non-repeatable levels by time:
     D:1: 684 daAuts
     D:2: 301 daAuts
